 Dungeon Crawl Stone Soup version 0.31.0-9-g3a7656b989 (webtiles) character file.

Game seed: 4453511042282959088

44 Kass the Trooper (level 3, 0/39 HPs)
             Began as an Oni Brigand on Jan 30, 2024.
             Was a High Priest of Ignis.
             Slain by Crazy Yiuf
             ... wielding a +4 quarterstaff of chaos
              (3 damage)
             ... on level 3 of the Dungeon.
             The game lasted 00:03:48 (2487 turns).

Kass the Trooper (Oni Brigand)                      Turns: 2487, Time: 00:03:49

Health: 0/39       AC:  4    Str: 17    XL:     3   Next: 62%
Magic:  12/12      EV:  9    Int: 12    God:    Ignis [*****.]
Gold:   165        SH:  0    Dex: 10    Spells: 2/2 levels left

rFire   + . .        a - +2 dagger
rCold   . . .        (no shield)
rNeg    . . .        b - +0 robe
rPois   +            (helmet restricted)
rElec   .            c - +0 cloak
rCorr   .            (gloves unavailable)
SInv    .            (boots unavailable)
Will    .....        (no amulet)
Stlth   ++           s - ring of magical power
HPRegen 0.26/turn    p - ring of poison resistance
MPRegen 0.13/turn

%: no passive effects
@: weak-willed, slowed, very slow
A: large, unfitting armour, horns 1, tough skin 1, double potion healing,
drunken brawling
a: Renounce Religion, Fiery Armour, Foxfire Swarm, Rising Flame


You were on level 3 of the Dungeon.
You worshipped Ignis.
Ignis was extremely pleased with you.
You visited 1 branch of the dungeon, and saw 3 of its levels.

You collected 165 gold pieces.

Inventory:

Hand Weapons
 a - a +2 dagger (weapon)
Missiles
 d - 14 poisoned darts
 e - 3 curare-tipped darts
 f - 4 javelins (quivered)
Armour
 b - a +0 robe (worn)
 c - a +0 cloak (worn)
Jewellery
 o - a ring of flight
 p - a ring of poison resistance (right hand)
 s - a ring of magical power (left hand)
Talismans
 k - a flux talisman
Scrolls
 h - a scroll of teleportation {unknown}
 i - 2 scrolls of amnesia {unknown}
 j - 4 scrolls of identify {unknown}
 l - a scroll of poison {unknown}
 m - a scroll of noise {unknown}
 v - a scroll of enchant armour {unknown}
Potions
 g - 3 potions of degeneration {unknown}
 n - a potion of magic {unknown}
 q - a potion of brilliance {unknown}
 r - a potion of enlightenment {unknown}
 t - a potion of haste {unknown}
 u - a potion of heal wounds {unknown}
 w - a potion of lignification {unknown}


   Skills:
 + Level 4.1 Fighting
 - Level 1.7 Short Blades
 + Level 3.0 Throwing
 - Level 0.8 Dodging
 - Level 2.9 Stealth


You had 2 spell levels left.
You didn't know any spells.
Your spell library was empty.

Dungeon Overview and Level Annotations

Branches:
Dungeon (3/15)

Altars:
Ashenzari
Ignis

Annotations:
D:3 Crazy Yiuf


Innate Abilities, Weirdness & Mutations

You are too large for most types of armour.
You have a pair of small horns on your head.
You have tough skin. (AC +1)
You gain doubled healing and magic from potions.
Whenever you drink a healing potion, you attack all around you.


Message History

Found two hammers.
Found a runed translucent door.
Crazy Yiuf shouts!
Found a hammer.
You open the door.
Throw: 15 darts (poison)
Press: ? - help, Q - select action, (/) - cycle Shift-Dir - straight line, f - Crazy Yiuf
Aim: Crazy Yiuf, wielding a +4 quarterstaff of chaos and wearing a +1 cloak of poison resistance (60% to hit)
You throw a poisoned dart. The poisoned dart hits Crazy Yiuf.
Crazy Yiuf is poisoned.
You hit Crazy Yiuf but do no damage.
Crazy Yiuf is lightly wounded.
Crazy Yiuf cries, "Earwax meccalolo high!"
Crazy Yiuf hits you with a +4 quarterstaff of chaos.
You barely miss Crazy Yiuf. Your headbutt misses Crazy Yiuf.
Crazy Yiuf is lightly wounded.
Crazy Yiuf closely misses you.
You hit Crazy Yiuf but do no damage.
Crazy Yiuf is lightly wounded.
Crazy Yiuf hits you with a +4 quarterstaff of chaos!
You hit Crazy Yiuf.
Crazy Yiuf is moderately wounded.
Crazy Yiuf looks more healthy.
Crazy Yiuf hits you with a +4 quarterstaff of chaos!
Your willpower is stripped away!
Throw: 6 javelins
Press: ? - help, Q - select action, (/) - cycle Shift-Dir - straight line, f/p - Crazy Yiuf
Aim: Crazy Yiuf, wielding a +4 quarterstaff of chaos and wearing a +1 cloak of poison resistance (moderately wounded, 60% to hit)
You throw a javelin. The javelin pierces through Crazy Yiuf!
Crazy Yiuf is almost dead.
Crazy Yiuf cries, "Fire arga shrimp!"
Crazy Yiuf barely misses you.
Throw: 5 javelins
Press: ? - help, Q - select action, (/) - cycle Shift-Dir - straight line, f/p - Crazy Yiuf
Aim: Crazy Yiuf, wielding a +4 quarterstaff of chaos and wearing a +1 cloak of poison resistance (almost dead, 60% to hit)
You throw a javelin. The javelin closely misses Crazy Yiuf.
Crazy Yiuf hits you with a +4 quarterstaff of chaos!
* * * LOW HITPOINT WARNING * * *
You feel yourself slow down.
Crazy Yiuf hits you with a +4 quarterstaff of chaos.
You die...

#....#######.#......
#....# #.##.#.#####
#P.PP# #...........
#).P## #.##.#.#...#
##)## #..#.#.#.#.#
####### #.##
##.....#.#.#
######.....# ##.#
#.#...#.#..
.........### #.##
#.#...#.###
##>........# ##@#
#.#...#....
########.### #g#
##.###.#####
########.# ...
#...........
.......#.### #).)#
#..###.#####
######.#...# #.()#
##.# #.#
.......#...# #####
##.###.#####
.........#.#
#...........
####.#.#...#
#########.###.#####
#.....#.#
#.##.##.#...#......


You could see Crazy Yiuf.

Vanquished Creatures
  2 dart slugs
  A ribbon worm (D:2)
  5 endoplasms
  A giant cockroach (D:1)
  3 goblins
  5 hobgoblins
  6 kobolds
  3 ball pythons
  4 bats
  3 frilled lizards
  2 rats
35 creatures vanquished.

Notes
Turn   | Place    | Note
-------+----------+-------------------------------------------
     0 | D:1      | Kass the Oni Brigand began the quest for the Orb.
     0 | D:1      | Reached XP level 1. HP: 22/22 MP: 1/1
   194 | D:1      | Reached skill level 3 in Fighting
   356 | D:1      | Found a faded altar of an unknown god.
   377 | D:1      | Prayed at the altar of an unknown god.
   377 | D:1      | Became a worshipper of Ignis, the Dying Flame
   588 | D:1      | Reached XP level 2. HP: 31/31 MP: 2/2
  1289 | D:2      | Reached XP level 3. HP: 28/39 MP: 3/3
  1542 | D:3      | Found a broken altar of Ashenzari.
  1622 | D:3      | Reached skill level 4 in Fighting
  1853 | D:3      | Identified the +0 chain mail of Tortelloni {rPois Will+}
  2476 | D:3      | Found a runed translucent door.
  2477 | D:3      | Noticed Crazy Yiuf
  2487 | D:3      | Slain by Crazy Yiuf

Illustrated notes

Levels and vault maps discovered:
D:1:      kennysheep_arrival_seaside, layout_basic,
          ebering_ecumenical_altar_abandoned
D:2:      layout_basic
D:3:      layout_basic, evilmike_ruin_ashenzari, uniq_crazy_yiuf_cottage

Skill      XL: |  1  2  3 |
---------------+----------+-----
Fighting       | 3 4 |  4.1
Throwing       | 3 |  3.0
Short Blades   | |  1.7
Dodging        | |  0.8
Stealth        | |  2.9

Action                     || total
---------------------------++-------
  Melee: Dagger            ||    87
         Headbutt          ||    14
  Throw: Dart              ||     4
         Javelin           ||     2
   Stab: Sleeping          ||     7
         Distracted        ||     1
 Armour: Robe              ||    40
  Dodge: Dodged            ||    31
